 Dungeon Sprint DCSS version 0.29-a0-338-g1ff7896281 (webtiles) character file.

Game seed: 8712722329373516642

492 mhtbhm the Fighter (level 7, -4/52 HPs)
             Began as a Gargoyle Berserker on Apr 17, 2022.
             Was a High Priest of Trog.
             Killed by divine providence
             ... invoked by an orc priest
              (12 damage)
             ... in the Dungeon (Sprint VII: "The Pits").
             The game lasted 00:01:31 (462 turns).

mhtbhm the Fighter (Gargoyle Berserker)              Turns: 462, Time: 00:01:31

Health: -4/52      AC: 17    Str: 23    XL:     7   Next: 14%
Magic:  7/7        EV:  9    Int:  7    God:    Trog [*****.]
Gold:   0          SH:  0    Dex:  9    Spells: 6/6 levels left

rFire   . . .      SeeInvis .   a - +0 hand axe (freeze)
rCold   . . .      Faith    .   (no shield)
rNeg    + . .      Spirit   .   b - +3 chain mail
rPois   ∞          Reflect  .   (no helmet)
rElec   +          Harm     .   (no cloak)
rCorr   .          Rampage  .   (no gloves)
Will    .....      NoTele   +   (no boots)
Stlth   ..........              (no amulet)
HPRegen 0.17/turn               (no ring)
MPRegen 0.10/turn               (no ring)

@: on berserk cooldown, slowed, very slow
A: sickness immunity, AC +4, negative energy resistance 1, electricity
resistance, torment resistance 1, petrification resistance
a: Renounce Religion, Berserk, Trog's Hand, Brothers in Arms


You were in the Dungeon.
You worshipped Trog.
Trog was extremely pleased with you.
You visited 1 branch

Inventory:

Hand Weapons
 a - a +0 hand axe of freezing (weapon)
Armour
 b - a +3 chain mail (worn)
Scrolls
 h - a scroll of blinking
Potions
 c - 3 potions of heal wounds
 d - 5 potions of curing
 e - a potion of haste
 f - 4 potions of magic
 g - 3 potions of berserk rage
 i - 2 potions of invisibility


   Skills:
 + Level 9.6 Fighting
 + Level 9.6 Axes
 + Level 5.6 Armour
 + Level 4.8 Dodging
 + Level 0.2 Stealth


You had 6 spell levels left.
You didn't know any spells.
Your spell library was empty.

Dungeon Overview and Level Annotations

Branches:
Dungeon (1/1)

Altars:
Cheibriados
Dithmenos
Elyvilon
Fedhas
Gozag
Hepliaklqana
Makhleb
Nemelex Xobeh
Okawaru
Qazlal
Ru
Sif Muna
Trog
Wu Jian
Xom
Yredelemnul
Zin
The Shining One
Jiyva


Innate Abilities, Weirdness & Mutations

You are immune to sickness and miasma.
Your stone body is resilient. (AC +4)
You are immune to poison.
You resist negative energy. (rN+)
You are resistant to electric shocks. (rElec)
You are resistant to unholy torment.
You are immune to petrification.


Message History

You feel much better. The orc warrior barely misses you.
Unknown command.
Unknown command.
Your two-headed ogre goes berserk!
Trog will no longer gift you weapons. The orc warrior closely misses you. x2
Unknown command.
Unknown command.
Your two-headed ogre rages.
You swap places.
The orc warrior attacks as you move away!
The orc warrior hits you with a +0 broad axe.
Your two-headed ogre hits the orc warrior with a +0 giant spiked club!!!
The orc warrior dies!
Trog accepts your kill.
The orc priest looks encouraged for a moment.
The ball python bites your two-headed ogre but does no damage.
Your two-headed ogre closely misses the ball python.
Your two-headed ogre hits the ball python with a +0 giant club!!
The ball python dies!
Trog accepts your kill.
Trog will now gift you melee weapons as you gain piety.
You have reached level 7!
Unknown command.
The orc priest invokes the aid of Beogh against you.
Beogh smites you!
* * * LOW HITPOINT WARNING * * *
Something hits your two-headed ogre.
Your two-headed ogre hits something with a +0 giant spiked club!!!
Trog accepts your kill. Trog grants you a weapon!
Something appears at your feet!
You see here a +8 vorpal battleaxe.
Trog appreciates your killing of a magic user.
Reactivating autopickup.
You feel a bit more experienced.
A puff of flame appears from out of thin air!
The puff of flame hits your two-headed ogre.
The orc priest mumbles some strange prayers to Beogh against you.
Beogh smites you!
You die...

##########'##.....
#)?(.')))'.##.....
##########.##.....
#..........)'.....
#'#####'#####.....
#.#..#..#.[##.....
#.#..)..#[)#####'#
#.#..####))##.....
#@#..#..#))##.....
#.#..#..#..##.....
#)##'#..#'###...<.
#O#.)).....##.....
#.#..).....##.....
#o###########.....
#oo.o{..# ######
#o.###..# #...


You could see 2 orc priests, 2 orcs and a friendly two-headed ogre (summoned,
berserk).

Vanquished Creatures
  A scorpion (D)
  3 orc priests (D)
  An orc wizard (D)
  A river rat (D)
  An ufetubus (D)
  4 orcs (D)
  A hobgoblin (D)
  A quokka (D)
  2 goblins (D)
  A kobold (D)
  A rat (D)
17 creatures vanquished.

Vanquished Creatures (collateral kills)
  A water moccasin (D)
  2 orc warriors (D)
  An orc wizard (D)
  A ball python (D)
5 creatures vanquished.

Grand Total: 22 creatures vanquished

Notes
Turn   | Place    | Note
-------+----------+-------------------------------------------
     0 | D        | mhtbhm the Gargoyle Berserker began the quest for the Orb.
     0 | D        | Reached XP level 1. HP: 14/14 MP: 1/1
    21 | D        | Found a bloodstained altar of Trog.
    21 | D        | Found a shimmering blue altar of Sif Muna.
    21 | D        | Found a viscous altar of Jiyva.
    21 | D        | Found a hazy altar of Hepliaklqana.
    21 | D        | Found an opulent altar of Gozag.
    22 | D        | Found a glowing golden altar of the Shining One.
    22 | D        | Found a glowing silver altar of Zin.
    22 | D        | Found a basalt altar of Yredelemnul.
    22 | D        | Found a shimmering altar of Xom.
    22 | D        | Found an ornate altar of the Wu Jian Council.
    22 | D        | Found a sacrificial altar of Ru.
    22 | D        | Found a stormy altar of Qazlal.
    22 | D        | Found an iron altar of Okawaru.
    22 | D        | Found a sparkling altar of Nemelex Xobeh.
    22 | D        | Found a burning altar of Makhleb.
    22 | D        | Found a blossoming altar of Fedhas.
    22 | D        | Found a white marble altar of Elyvilon.
    22 | D        | Found a shadowy altar of Dithmenos.
    22 | D        | Found a snail-covered altar of Cheibriados.
    58 | D        | Reached ** piety under Trog
    59 | D        | Reached XP level 2. HP: 14/20 MP: 2/2
   235 | D        | Reached *** piety under Trog
   238 | D        | Reached skill level 5 in Axes
   238 | D        | Reached XP level 3. HP: 27/27 MP: 3/3
   238 | D        | Reached XP level 4. HP: 32/32 MP: 4/4
   239 | D        | Reached **** piety under Trog
   427 | D        | Noticed a scorpion
   427 | D        | Noticed an orc warrior
   433 | D        | Killed a scorpion
   434 | D        | Reached XP level 5. HP: 38/38 MP: 5/5
   434 | D        | Noticed a water moccasin
   434 | D        | Noticed an orc warrior
   436 | D        | Reached ***** piety under Trog
   446 | D        | Killed an orc warrior
   447 | D        | Reached XP level 6. HP: 36/45 MP: 6/6
   447 | D        | Killed a water moccasin
   448 | D        | Reached skill level 5 in Armour
   456 | D        | HP: 1/46 [orc warrior/+0 broad axe (7)]
   460 | D        | Killed an orc warrior
   461 | D        | Reached XP level 7. HP: 22/52 MP: 7/7
   462 | D        | Received a gift from Trog
   462 | D        | Killed from afar by an orc priest

Illustrated notes

Levels and vault maps discovered:
D:        pitsprint [storerooms_1, entrance_room_1, metal_vault_2, armoury_2,
          mini_pit_1, grid_room_1, main_hall_1, silver_pit, the_coven_1,
          the_vestibule_1, steel_vault_3, golden_pit, hallway_of_sentries,
          crystal_vault_1, iron_vault_4, final_vault]

Skill      XL: |  1  2  3  4  5  6 |
---------------+-------------------+-----
Fighting       | 4 6 7 8 9 |  9.6
Axes           | 3 5 7 8 9 |  9.6
Dodging        | 2 3 4 |  4.8
Armour         | 3 4 5 |  5.6
Stealth        | |  0.2

Action                   |  1- 3 |  4- 6 |  7- 9 || total
-------------------------+-------+-------+-------++-------
Melee: Hand axe          |    24 |    37 |       ||    61
Invok: Berserk           |     1 |     1 |       ||     2
       Brothers in Arms  |       |     1 |       ||     1
  Use: Potion            |       |     4 |       ||     4
       Scroll            |       |     1 |       ||     1
Armor: Animal skin       |     6 |     8 |       ||    14
       Chain mail        |       |    10 |       ||    10
Dodge: Dodged            |     9 |    20 |       ||    29

Table legend: (Time is in decaauts)
 A = Elapsed time spent in this place.
 B = Non-inter-level travel time spent in this place.
 C = Inter-level travel time spent in this place.
 D = Time resting spent in this place.
 E = Time spent auto-exploring this place.
 F = Levels seen in this place.
 G = Mean time per level.
                   A        B        C        D        E       F      G
               +--------+--------+--------+--------+--------+-----+--------+
         Total |    474 |    474 |      0 |    160 |    108 |   1 |  474.0 |
       Dungeon |    474 |    474 |      0 |    160 |    108 |   1 |  474.0 |
               +--------+--------+--------+--------+--------+-----+--------+

Top non-repeatable levels by time:
       D: 474 daAuts
